 Dungeon Crawl Stone Soup version 0.22.1-2-g9c5b331 (webtiles) character file.

72 errolflynn the Chopper (level 4, 0/41 HPs)
             Began as a Minotaur Berserker on Jan 2, 2019.
             Was a Believer of Trog.
             Slain by Crazy Yiuf
             ... wielding a +3 quarterstaff of chaos
              (2 damage)
             ... on level 2 of the Dungeon.
             The game lasted 00:14:17 (1650 turns).

errolflynn the Chopper (Minotaur Berserker)         Turns: 1650, Time: 00:14:17

Health: 0/41       AC:  5    Str: 22    XL:     4   Next: 7%
Magic:  3/3        EV: 11    Int:  4    God:    Trog [**....]
Gold:   46         SH:  0    Dex: 10    Spells: 3/3 levels left

rFire    . . .     SeeInvis .   a - +0 hand axe
rCold    . . .     Gourm    .   (no shield)
rNeg     . . .     Faith    .   t - +0 ring mail
rPois    .         Spirit   .   (helmet restricted)
rElec    .         Reflect  .   (no cloak)
rCorr    .         Harm     .   (no gloves)
MR       .....                  (no boots)
Stlth    ..........             (no amulet)
HPRegen  0.13/turn              (no ring)
MPRegen  0.08/turn              (no ring)

@: drained
A: retaliatory headbutt, horns 2
a: Berserk, Trog's Hand, Renounce Religion


You were on level 2 of the Dungeon.
You worshipped Trog.
Trog was pleased with you.
You were not hungry.

You visited 1 branch of the dungeon, and saw 2 of its levels.

You collected 46 gold pieces.

Inventory:

Hand Weapons
 a - a +0 hand axe (weapon)
 f - a +0 short sword
 h - a +0 hunting sling
 n - a +0 dagger
 o - a +0 mace
 p - a +0 dagger
 r - a +0 dagger
 s - a +0 short sword
Missiles
 k - 13 poisoned needles
 l - 21 bolts
 m - 4 curare-tipped needles
 q - 12 stones (quivered)
Armour
 b - a +0 animal skin
 j - a +0 robe
 t - a +0 ring mail (worn)
Scrolls
 d - 5 scrolls of identify {unknown}
 e - 2 scrolls of teleportation {unknown}
 g - 2 scrolls of magic mapping {unknown}
Potions
 i - a potion of flight {unknown}
 u - a potion of brilliance {unknown}
Comestibles
 c - 5 rations


   Skills:
 + Level 4.7(4.3) Fighting
 + Level 4.9(4.5) Axes
 * Level 2.6(2.3) Armour
 + Level 2.4(2.0) Dodging
 + Level 0.2(0.0) Stealth


You had 3 spell levels left.
You didn't know any spells.
Your spell library contained the following spells:

 Spells                   Type           Power        Failure   Level  Hunger
 Magic Dart               Conj           #...         67%         1    ##.....
 Blink                    Tloc           N/A          80%         2    ###....
 Call Imp                 Summ           #.......     80%         2    ###....
 Slow                     Hex            #.......     80%         2    ###....
 Conjure Flame            Conj/Fire      #.......     95%         3    ####...
 Mephitic Cloud           Conj/Pois/Air  #.......     95%         3    ####...


Dungeon Overview and Level Annotations

Branches:
Dungeon (2/15)

Altars:
Gozag
The Shining One

Annotations:
D:2 Crazy Yiuf


Innate Abilities, Weirdness & Mutations

You reflexively headbutt those who attack you in melee.
You have a pair of horns on your head.


Message History

Crazy Yiuf is heavily wounded.
Crazy Yiuf hits you with a quarterstaff of chaos. x2
You are confused.
You barely miss Crazy Yiuf. Your headbutt misses Crazy Yiuf.
Crazy Yiuf is heavily wounded.
Crazy Yiuf hits you with a quarterstaff of chaos!
* * * LOW HITPOINT WARNING * * *
Crazy Yiuf draws strength from your wounds!
You bump into the stone wall.
You feel less confused.
Crazy Yiuf hits you with a quarterstaff of chaos!
* * * LOW HITPOINT WARNING * * *
You feel drained.
* * * LOW HITPOINT WARNING * * *
Crazy Yiuf laughs, "Gum forty-two agre!"
Crazy Yiuf closely misses you.
You hit Crazy Yiuf. You headbutt Crazy Yiuf!
Crazy Yiuf is almost dead.
Crazy Yiuf hits you with a quarterstaff of chaos.
You die...

########### ####
#...##.#..## ###..)#
#...#......####.@g..#
....#.......#..##...#
##.....#...#.### ####
##..##.#######
.#..#### .#..##
...... .#.... .#....


You could see Crazy Yiuf.

Vanquished Creatures
  3 adders (D:2)
  2 worms (D:2)
  A dart slug (D:2)
  2 bats
  A giant cockroach (D:1)
  4 goblins
  4 hobgoblins (D:1)
  6 jackals
  2 quokkas (D:2)
  7 kobolds
  4 rats
36 creatures vanquished.

Notes
Turn   | Place    | Note
-------+----------+-------------------------------------------
     0 | D:1      | errolflynn the Minotaur Berserker began the quest for the
                  | Orb.
     0 | D:1      | Reached XP level 1. HP: 19/19 MP: 0/0
   274 | D:1      | Reached XP level 2. HP: 27/27 MP: 1/1
  1268 | D:2      | Reached XP level 3. HP: 28/34 MP: 2/2
  1312 | D:2      | Reached ** piety under Trog
  1436 | D:2      | Found a glowing golden altar of the Shining One.
  1532 | D:2      | Reached XP level 4. HP: 7/41 MP: 3/3
  1546 | D:2      | Found an opulent altar of Gozag.
  1639 | D:2      | Found a runed door.
  1643 | D:2      | Noticed Crazy Yiuf
  1649 | D:2      | HP: 1/41 [Crazy Yiuf/quarterstaff of chaos (2)]
  1650 | D:2      | Slain by Crazy Yiuf

Skill      XL: |  1  2 |
---------------+-------+-----
Fighting       | 4 |  4.7
Axes           | 4 |  4.9
Armour         | |  2.6
Dodging        | |  2.4
Stealth        | |  0.2

Action                   |  1- 3 |  4- 6 || total
-------------------------+-------+-------++-------
Melee: Hand axe          |    58 |     6 ||    64
       Headbutt          |    10 |     1 ||    11
 Stab: Sleeping          |     1 |       ||     1
  Eat: Ration            |     1 |       ||     1
       Chunk             |     1 |       ||     1
Armor: Animal skin       |     4 |       ||     4
Dodge: Dodged            |    46 |     2 ||    48
